| TOP OF THE 1ST |
|
Reading Phillies batting - Pitching for Manchester Fisher Cats : LHP Chuck Dougherty
|
|
Pitching: LHP Chuck Dougherty
|
|
|
Batting: LHB Pedro Rabassa
|
0-0: Called Strike 0-1: Called Strike 0-2: Foul Ball, location: 2F 0-2: Strikes out looking
|
|
Batting: LHB George Johnson
|
0-0: Foul Ball, location: 2F 0-1: Called Strike 0-2: Ball 1-2: Ball 2-2: Foul Ball, location: 2F 2-2: Foul Ball, location: 2F 2-2: Foul Ball, location: 2F 2-2: Ball 3-2: SINGLE (Groundball, 25, EV 66.3 MPH) (infield hit)
|
|
Batting: LHB Martino Martin
|
0-0: Ball 1-0: Foul Ball, location: 2F 1-1: DOUBLE (Groundball, 3L, EV 108.1 MPH) George Johnson to third Runner from 3rd tries for Home, SAFE, throw by RF to trailing runner, SAFE at third!
|
|
Batting: RHB Ricardo Rivera
|
0-0: Foul Ball, location: 2F 0-1: Called Strike 0-2: Ball 1-2: Strikes out swinging
|
|
Batting: RHB Paul Wirkus
|
0-0: Ball 1-0: Foul Ball, location: 2F 1-1: Swinging Strike 1-2: Strikes out swinging
|
| Top of the 1st over - 1 run, 2 hits, 0 errors, 1 left on base; Reading 1 - Manchester 0 |
| BOTTOM OF THE 1ST |
|
Manchester Fisher Cats batting - Pitching for Reading Phillies : RHP Eric Wilkins
|
|
Pitching: RHP Eric Wilkins
|
|
|
Batting: RHB Kevin Darst
|
0-0: Ball 1-0: Ball 2-0: Foul Ball, location: 2F 2-1: Swinging Strike 2-2: Foul Ball, location: 2F 2-2: SINGLE (Line Drive, 78S, EV 111.9 MPH)
|
|
Batting: LHB Tim Derryberry
|
0-0: Called Strike 0-1: Swinging Strike 0-2: Ball 1-2: Strikes out swinging
|
|
Batting: SHB Stan Javier
|
0-0: Ball 1-0: Ball 2-0: Ball 3-0: Called Strike 3-1: Base on Balls Kevin Darst to second
|
|
Batting: RHB Joe Citari
|
0-0: Swinging Strike 0-1: Ball 1-1: Fly out, F7 (Flyball, 7LS, EV 89.4 MPH)
|
|
Batting: LHB Jessie Reid
|
0-0: Called Strike 0-1: DOUBLE (Line Drive, 7LM, EV 100.6 MPH) Kevin Darst scores Stan Javier to third
|
|
Batting: SHB Danny Hernandez
|
0-0: Ball Wild Pitch! Stan Javier scores Jessie Reid to third 1-0: Swinging Strike 1-1: Swinging Strike 1-2: Fly out, F9 (Line Drive, 9, EV 93.8 MPH)
|
| Bottom of the 1st over - 2 runs, 2 hits, 0 errors, 1 left on base; Reading 1 - Manchester 2 |
| TOP OF THE 2ND |
|
Reading Phillies batting - Pitching for Manchester Fisher Cats : LHP Chuck Dougherty
|
|
Batting: RHB Greg Dahl
|
0-0: Foul Ball, location: 2F 0-1: Ball 1-1: Foul Ball, location: 2F 1-2: Ball 2-2: Ball 3-2: Strikes out looking
|
|
Batting: RHB Richard Hyatt
|
0-0: Ball 1-0: Called Strike 1-1: Foul Ball, location: 2F 1-2: Fly out, F7 (Flyball, 7LM, EV 101.9 MPH)
|
|
Batting: LHB Alex Mata
|
0-0: Foul Ball, location: 2F 0-1: Ball 1-1: SINGLE (Line Drive, 9S, EV 108.1 MPH)
|
|
Batting: RHB Mark Sproesser
|
0-0: Called Strike 0-1: Ball 1-1: Fly out, F8 (Flyball, 8RM, EV 95.6 MPH)
|
| Top of the 2nd over - 0 runs, 1 hit, 0 errors, 1 left on base; Reading 1 - Manchester 2 |
| BOTTOM OF THE 2ND |
|
Manchester Fisher Cats batting - Pitching for Reading Phillies : RHP Eric Wilkins
|
|
Batting: LHB Mel Hall
|
0-0: Swinging Strike 0-1: Foul Ball, location: 2F 0-2: Ground out 3-1 (Groundball, 34, EV 86.3 MPH)
|
|
Batting: RHB Buddy Pryor
|
0-0: Bunt for hit to 15 - play at first, batter OUT! 1-3
|
|
Batting: RHB Reymundo Estevez
|
0-0: Foul Ball, location: 2F 0-1: Ground out 1-3 (Groundball, 13, EV 66.3 MPH)
|
| Bottom of the 2nd over - 0 runs, 0 hits, 0 errors, 0 left on base; Reading 1 - Manchester 2 |
| TOP OF THE 3RD |
|
Reading Phillies batting - Pitching for Manchester Fisher Cats : LHP Chuck Dougherty
|
|
Batting: LHB Pedro Rabassa
|
0-0: Ball 1-0: Ball 2-0: Foul Ball, location: 2F 2-1: Ground out 4-3 (Groundball, 4, EV 108.8 MPH)
|
|
Batting: LHB George Johnson
|
0-0: Ball 1-0: Swinging Strike 1-1: Foul Ball, location: 2F 1-2: Ball 2-2: Foul Ball, location: 2F 2-2: Ball 3-2: Base on Balls
|
|
Batting: LHB Martino Martin
|
0-0: Ball 1-0: SINGLE (Flyball, 56D, EV 95.6 MPH) George Johnson to second
|
|
Batting: RHB Ricardo Rivera
|
0-0: Grounds into double play, 6-4-3 (Groundball, 56, EV 103.8 MPH)
|
| Top of the 3rd over - 0 runs, 1 hit, 0 errors, 1 left on base; Reading 1 - Manchester 2 |
| BOTTOM OF THE 3RD |
|
Manchester Fisher Cats batting - Pitching for Reading Phillies : RHP Eric Wilkins
|
|
Batting: RHB Kevin Darst
|
0-0: Called Strike 0-1: Called Strike 0-2: Ball 1-2: Strikes out swinging
|
|
Batting: LHB Tim Derryberry
|
0-0: Foul Ball, location: 2F 0-1: Ball 1-1: Called Strike 1-2: SINGLE (Groundball, 4MD, EV 103.1 MPH)
|
|
Batting: SHB Stan Javier
|
0-0: Called Strike 0-1: SINGLE (Groundball, 4M, EV 98.1 MPH) (infield hit) Tim Derryberry to second
|
|
Batting: RHB Joe Citari
|
0-0: Ball 1-0: Ball 2-0: Called Strike 2-1: Ball 3-1: Base on Balls Tim Derryberry to third Stan Javier to second
|
|
Batting: LHB Jessie Reid
|
0-0: Ball Wild Pitch! Tim Derryberry scores Stan Javier to third Joe Citari to second 1-0: Called Strike 1-1: Foul Ball, location: 2F 1-2: Ball 2-2: Foul Ball, location: 2F 2-2: Ball 3-2: Base on Balls
|
|
Batting: SHB Danny Hernandez
|
0-0: Called Strike 0-1: Fly out, F7 (Flyball, 78S, EV 78.8 MPH)
|
|
Batting: LHB Mel Hall
|
0-0: Ball 1-0: Called Strike 1-1: Fielders Choice at 2nd, U6 (Groundball, 6M, EV 104.4 MPH)
|
| Bottom of the 3rd over - 1 run, 2 hits, 0 errors, 3 left on base; Reading 1 - Manchester 3 |
| TOP OF THE 4TH |
|
Reading Phillies batting - Pitching for Manchester Fisher Cats : LHP Chuck Dougherty
|
|
Batting: RHB Paul Wirkus
|
0-0: Called Strike 0-1: Ball 1-1: Ball 2-1: Foul Ball, location: 2F 2-2: Foul Ball, location: 2F 2-2: Foul Ball, location: 2F 2-2: Strikes out swinging
|
|
Batting: RHB Greg Dahl
|
0-0: Ball 1-0: Ground out 4-3 (Groundball, 4MD, EV 94.4 MPH)
|
|
Batting: RHB Richard Hyatt
|
0-0: Called Strike 0-1: Ball 1-1: Fly out, F5 (Line Drive, 5, EV 68.1 MPH)
|
| Top of the 4th over - 0 runs, 0 hits, 0 errors, 0 left on base; Reading 1 - Manchester 3 |
| BOTTOM OF THE 4TH |
|
Manchester Fisher Cats batting - Pitching for Reading Phillies : RHP Eric Wilkins
|
|
Batting: RHB Buddy Pryor
|
0-0: Swinging Strike 0-1: SOLO HOME RUN (Flyball, 7D, EV 101.9 MPH), Distance : 379 ft
|
|
Batting: RHB Reymundo Estevez
|
0-0: Ground out 6-3 (Groundball, 6, EV 96.3 MPH)
|
|
Batting: RHB Kevin Darst
|
0-0: Ball 1-0: Swinging Strike 1-1: Called Strike 1-2: Strikes out swinging
|
|
Batting: LHB Tim Derryberry
|
0-0: Called Strike 0-1: Ball 1-1: SOLO HOME RUN (Flyball, 9D, EV 97.5 MPH), Distance : 359 ft
|
|
Batting: SHB Stan Javier
|
0-0: Ball 1-0: Ball 2-0: Called Strike 2-1: Ball 3-1: Foul Ball, location: 2F 3-2: Base on Balls
|
|
Batting: RHB Joe Citari
|
0-0: Ball 1-0: Fielders Choice at 2nd, 5-4 (Groundball, 56, EV 100.6 MPH)
|
| Bottom of the 4th over - 2 runs, 2 hits, 0 errors, 1 left on base; Reading 1 - Manchester 5 |
| TOP OF THE 5TH |
|
Reading Phillies batting - Pitching for Manchester Fisher Cats : LHP Chuck Dougherty
|
|
Batting: LHB Alex Mata
|
0-0: Ball 1-0: SINGLE (Groundball, 34D, EV 96.9 MPH)
|
|
Batting: RHB Mark Sproesser
|
0-0: Ball 1-0: Bunted foul 1-1: Bunted foul 1-2: Foul Ball, location: 2F 1-2: Fielders Choice at 2nd, 6-4 (Groundball, 6, EV 89.4 MPH)
|
|
Batting: LHB Pedro Rabassa
|
0-0: Foul Ball, location: 2F 0-1: Ball 1-1: Foul Ball, location: 2F 1-2: Strikes out swinging
|
|
Batting: LHB George Johnson
|
0-0: Called Strike 0-1: Ground out U3 (Groundball, 34, EV 82.5 MPH)
|
| Top of the 5th over - 0 runs, 1 hit, 0 errors, 1 left on base; Reading 1 - Manchester 5 |
| BOTTOM OF THE 5TH |
|
Manchester Fisher Cats batting - Pitching for Reading Phillies : RHP Eric Wilkins
|
|
Batting: LHB Jessie Reid
|
0-0: Ball 1-0: Foul Ball, location: 2F 1-1: Ball 2-1: Ball 3-1: Fly out, F8 (Flyball, 78D, EV 88.8 MPH)
|
|
Batting: SHB Danny Hernandez
|
0-0: Fly out, F5 (Line Drive, 5, EV 68.8 MPH)
|
|
Batting: LHB Mel Hall
|
0-0: Ball 1-0: Ground out U3 (Groundball, 3, EV 86.9 MPH)
|
| Bottom of the 5th over - 0 runs, 0 hits, 0 errors, 0 left on base; Reading 1 - Manchester 5 |
| TOP OF THE 6TH |
|
Reading Phillies batting - Pitching for Manchester Fisher Cats : LHP Chuck Dougherty
|
|
Batting: LHB Martino Martin
|
0-0: Ball 1-0: Foul Ball, location: 2F 1-1: SINGLE (Line Drive, 56, EV 97.5 MPH)
|
|
Batting: RHB Ricardo Rivera
|
0-0: DOUBLE (Line Drive, 78XD, EV 100.0 MPH) Martino Martin to third Runner from 3rd tries for Home, SAFE, throw by CF to trailing runner, SAFE at third!
|
|
Batting: RHB Paul Wirkus
|
0-0: Ball 1-0: Called Strike 1-1: Ball 2-1: SINGLE (Groundball, 34D, EV 96.9 MPH) Ricardo Rivera scores
|
|
Batting: RHB Greg Dahl
|
0-0: Grounds into double play, 5-4-3 (Groundball, 5, EV 105.0 MPH)
|
|
Batting: RHB Richard Hyatt
|
0-0: Called Strike 0-1: Ball 1-1: Swinging Strike 1-2: Strikes out swinging
|
| Top of the 6th over - 2 runs, 3 hits, 0 errors, 0 left on base; Reading 3 - Manchester 5 |
| BOTTOM OF THE 6TH |
|
Manchester Fisher Cats batting - Pitching for Reading Phillies : RHP Eric Wilkins
|
|
Batting: RHB Buddy Pryor
|
0-0: Swinging Strike 0-1: Foul Ball, location: 2F 0-2: Foul Ball, location: 2F 0-2: Strikes out looking
|
|
Batting: RHB Reymundo Estevez
|
0-0: Ball 1-0: Foul Ball, location: 2F 1-1: Ground out 3-1 (Groundball, 13, EV 83.8 MPH)
|
|
Batting: RHB Kevin Darst
|
0-0: Foul Ball, location: 2F 0-1: Ground out 5-3 (Groundball, 56, EV 98.1 MPH)
|
| Bottom of the 6th over - 0 runs, 0 hits, 0 errors, 0 left on base; Reading 3 - Manchester 5 |
| TOP OF THE 7TH |
|
Reading Phillies batting - Pitching for Manchester Fisher Cats : LHP Chuck Dougherty
|
|
Batting: LHB Alex Mata
|
0-0: Swinging Strike 0-1: Fly out, F9 (Flyball, 89M, EV 88.8 MPH)
|
|
Batting: RHB Mark Sproesser
|
0-0: Ground out 5-3 (Groundball, 56, EV 98.8 MPH)
|
|
Batting: LHB Pedro Rabassa
|
0-0: Called Strike 0-1: Swinging Strike 0-2: Ball 1-2: Ball 2-2: Strikes out swinging
|
| Top of the 7th over - 0 runs, 0 hits, 0 errors, 0 left on base; Reading 3 - Manchester 5 |
| BOTTOM OF THE 7TH |
|
Manchester Fisher Cats batting - Pitching for Reading Phillies : RHP Eric Wilkins
|
|
Batting: LHB Tim Derryberry
|
0-0: Ball 1-0: Ball 2-0: Called Strike 2-1: Ball 3-1: SINGLE (Line Drive, 34, EV 106.9 MPH)
|
|
Batting: SHB Stan Javier
|
0-0: Foul Ball, location: 2F 0-1: Ball 1-1: Swinging Strike 1-2: Ball 2-2: Ground out 4-3 (Groundball, 34, EV 83.8 MPH) Tim Derryberry to second
|
|
Batting: RHB Joe Citari
|
0-0: Called Strike 0-1: Ball 1-1: Ground out 5-3 (Groundball, 56, EV 90.6 MPH)
|
|
Batting: LHB Jessie Reid
|
0-0: Ball 1-0: Ball 2-0: Called Strike 2-1: Foul Ball, location: 2F 2-2: Ball 3-2: SINGLE (Flyball, 8LS, EV 91.9 MPH) - OUT at second base trying to stretch hit. Tim Derryberry scores
|
| Bottom of the 7th over - 1 run, 2 hits, 0 errors, 0 left on base; Reading 3 - Manchester 6 |
| TOP OF THE 8TH |
|
Reading Phillies batting - Pitching for Manchester Fisher Cats : LHP Chuck Dougherty
|
|
Now at 3B: Randy Johnson
|
|
|
Now in LF: Mike Ciampa
|
|
|
Now in CF: Paul Croft
|
|
|
Batting: LHB George Johnson
|
0-0: Called Strike 0-1: Called Strike 0-2: Ground out 1-3 (Groundball, 15S, EV 68.1 MPH)
|
|
Batting: LHB Martino Martin
|
0-0: Foul Ball, location: 2F 0-1: Ground out 4-3 (Groundball, 4, EV 91.3 MPH)
|
|
Batting: RHB Ricardo Rivera
|
0-0: Fly out, F9 (Flyball, 9LM, EV 104.4 MPH)
|
| Top of the 8th over - 0 runs, 0 hits, 0 errors, 0 left on base; Reading 3 - Manchester 6 |
| BOTTOM OF THE 8TH |
|
Manchester Fisher Cats batting - Pitching for Reading Phillies : RHP Eric Wilkins
|
|
Batting: SHB Danny Hernandez
|
0-0: DOUBLE (Line Drive, 7LM, EV 108.1 MPH)
|
|
Batting: LHB Mel Hall
|
0-0: Intentional Walk
|
|
Batting: RHB Buddy Pryor
|
0-0: Ball 1-0: Swinging Strike 1-1: Called Strike 1-2: Strikes out looking
|
|
Batting: RHB Reymundo Estevez
|
0-0: Called Strike 0-1: Ball 1-1: Foul Ball, location: 2F 1-2: Strikes out swinging
|
|
Batting: LHB Mike Ciampa
|
0-0: SINGLE (Line Drive, 8LS, EV 90.0 MPH) Danny Hernandez to third Mel Hall to second Runner from 3rd tries for Home, SAFE, throw by CF to home
|
|
Pitching: LHP Frank Treto
|
|
|
Batting: RHB Randy Johnson
|
0-0: Called Strike 0-1: Called Strike 0-2: DOUBLE (Line Drive, 9LD, EV 106.9 MPH) Mel Hall scores Mike Ciampa to third Runner from 3rd tries for Home, SAFE, throw by RF to trailing runner, OUT at third! 9-4-5
|
| Bottom of the 8th over - 3 runs, 3 hits, 0 errors, 0 left on base; Reading 3 - Manchester 9 |
| TOP OF THE 9TH |
|
Reading Phillies batting - Pitching for Manchester Fisher Cats : LHP Chuck Dougherty
|
|
Batting: RHB Paul Wirkus
|
0-0: Ball 1-0: Called Strike 1-1: Fly out, F3 (Popup, 23F, EV 82.5 MPH)
|
|
Batting: RHB Greg Dahl
|
0-0: Ball 1-0: Fly out, F8 (Flyball, 89M, EV 88.8 MPH)
|
|
Batting: RHB Richard Hyatt
|
0-0: SINGLE (Groundball, 5S, EV 70.0 MPH) (infield hit)
|
|
Batting: LHB Alex Mata
|
0-0: Called Strike 0-1: Called Strike 0-2: Ball 1-2: Fly out, F8 (Flyball, 8RS, EV 91.9 MPH)
|
| Top of the 9th over - 0 runs, 1 hit, 0 errors, 1 left on base; Reading 3 - Manchester 9 |
|